 Dungeon Crawl Stone Soup version 0.20-a0-1034-gb277f92 (webtiles) character file.

495 hypocritelecteur the Carver (level 6, -11/51 HPs)
             Began as a Minotaur Chaos Knight on Apr 21, 2017.
             Mangled by an ogre
             ... wielding a +0 giant spiked club
              (18 damage)
             ... on level 4 of the Dungeon.
             The game lasted 00:12:20 (2635 turns).

hypocritelecteur the Carver (Minotaur Chaos Knight) Turns: 2635, Time: 00:12:21

Health: -11/51     AC: 11    Str: 17    XL:     6   Next: 92%
Magic:  8/8        EV:  7    Int: 15    God:    Xom [..*...]
Gold:   238        SH:  0    Dex: 10    Spells: 5/5 levels left

rFire    . . .     SeeInvis .   a - +0 falchion (chaos)
rCold    . . .     Gourm    .   (no shield)
rNeg     . . .     Faith    .   A - +1 chain mail
rPois    .         Spirit   .   (helmet restricted)
rElec    .         Reflect  .   (no cloak)
rCorr    .         Harm     .   (no gloves)
MR       .....                  (no boots)
Stlth    ..........             (no amulet)
Regen    0.2/turn               r - ring of loudness (curse)
MPRegen  0.2/turn               (no ring)

@: brilliant
A: retaliatory headbutt, horns 2
a: Renounce Religion


You were on level 4 of the Dungeon.
You worshipped Xom.
You were a toy of Xom.
You were hungry.

You visited 1 branch of the dungeon, and saw 4 of its levels.

You collected 238 gold pieces.

Inventory:

Hand Weapons
 a - a +0 falchion of chaos (weapon)
 t - a +0 blowgun
 J - a +0 hand crossbow
Missiles
 d - 129 stones
 f - 21 bolts
 p - 2 tomahawks (quivered)
 u - 55 arrows
 v - 19 sling bullets
 w - 22 poisoned needles
 y - 3 needles of confusion
Armour
 b - a +2 leather armour
 e - a +0 helmet
 A - a +1 chain mail (worn)
Jewellery
 r - a cursed ring of loudness (left hand)
 G - a cursed ring of teleportation {unknown}
Scrolls
 h - a scroll of fog {unknown}
 l - a scroll of enchant weapon {unknown}
 m - a scroll of recharging {unknown}
 o - 2 scrolls of teleportation {unknown}
 s - 2 scrolls of amnesia
 x - a scroll of magic mapping {unknown}
 B - a scroll of remove curse {unknown}
 E - 2 scrolls of enchant armour
 H - a scroll of identify {unknown}
Potions
 g - a potion of heal wounds {unknown}
 k - a potion of magic {unknown}
 q - 2 potions of brilliance {unknown}
 z - a potion of berserk rage {unknown}
 C - 2 potions of haste
 D - a potion of flight {unknown}
 F - a potion of curing {unknown}
 I - a potion of degeneration {unknown}
Comestibles
 c - 4 bread rations
 i - 2 meat rations
 j - a royal jelly
 n - 6 chunks of flesh


   Skills:
 - Level 3.6 Fighting
 * Level 11.9 Long Blades
 - Level 7.2 Armour
 - Level 1.1 Dodging
   Level 4.9 Evocations


You had 5 spell levels left.
You didn't know any spells.

Dungeon Overview and Level Annotations

Branches:
Dungeon (4/15)
 Temple: D:4-7

Altars:
Fedhas
Qazlal


Innate Abilities, Weirdness & Mutations

You reflexively headbutt those who attack you in melee.
You have a pair of horns on your head.


Message History

You throw a tomahawk. The tomahawk barely misses the ogre.
The ogre hits you with a giant spiked club!!
A shower of butterflies erupts from you!
You slash the ogre!
The ogre flickers and vanishes!
Deactivating autopickup; reactivate with Ctrl-A.
You closely miss something. Something hits you.
Found 19 bolts.
Something hits you!!
* * * LOW HITPOINT WARNING * * *
As you read the scroll labeled PEILIS XEYFANU, it crumbles to dust.
It is a scroll of enchant armour.
Your +0 chain mail glows green for a moment.
You are feeling hungry.
As you read the scroll labeled OROLEOZODA, it crumbles to dust.
It is a scroll of amnesia.
You feel forgetful for a moment.
The giant cockroach bites you but does no damage.
Something hits you!!
You die...
Xom cackles wildly!

.. #...# .. ...
#...# ...
...###...###...
...............
........... (......
.s #...# ..# ..
#.@.# ...#
..###.s{###...#
.......b..()..(..
....b.b..........
......b..........
...###...###...# ...
#...# #...# ..
...###..[###...###..
#.
....................


You could see a giant cockroach.

Vanquished Creatures
  The ghost of hellotanjent the Shield-Bearer, an amateur GrFi (D:3)
  A water moccasin skeleton (D:4)
  Natasha (twice) (D:3)
  2 orc wizards (D:3)
  2 adders
  4 gnolls (D:4)
  2 worms (D:2)
  A dart slug (D:2)
  5 orcs (D:3)
  6 bats
  2 giant cockroaches
  11 goblins
  6 hobgoblins
  6 kobolds
  A quokka (D:2)
  5 frilled lizards
  15 rats
72 creatures vanquished.

Vanquished Creatures (collateral kills)
  A hound (D:4)
1 creature vanquished.

Grand Total: 73 creatures vanquished

Notes
Turn   | Place    | Note
-------+----------+-------------------------------------------
     0 | D:1      | hypocritelecteur the Minotaur Chaos Knight began the quest for the Orb.
     0 | D:1      | Reached XP level 1. HP: 19/19 MP: 0/0
   153 | D:1      | XOM: divination: magic mapping
   177 | D:1      | XOM: harmless Necr miscast
   178 | D:1      | Reached skill level 4 in Long Blades
   227 | D:1      | Reached XP level 2. HP: 26/26 MP: 1/1
   537 | D:1      | XOM: harmless Erth miscast
   645 | D:1      | XOM: divination: detect items
   761 | D:1      | Reached skill level 5 in Long Blades
   970 | D:2      | Reached XP level 3. HP: 19/31 MP: 2/2
  1018 | D:2      | XOM: silly message
  1199 | D:2      | XOM: silly message
  1681 | D:3      | Reached XP level 4. HP: 39/39 MP: 3/3
  1861 | D:3      | Noticed hellotanjent's ghost (amateur GrFi)
  1882 | D:3      | XOM: potion effect (experience)
  1882 | D:3      | Reached skill level 11 in Long Blades
  1882 | D:3      | Reached XP level 5. HP: 45/45 MP: 3/7
  1883 | D:3      | XOM: potion effect (magic)
  1892 | D:3      | Killed hellotanjent's ghost
  1963 | D:3      | XOM: silly message
  2026 | D:3      | Noticed Natasha
  2033 | D:3      | Killed Natasha
  2033 | D:3      | Reached XP level 6. HP: 48/51 MP: 8/8
  2059 | D:3      | Noticed Natasha
  2063 | D:3      | XOM: harmless Erth miscast
  2072 | D:3      | Killed Natasha
  2082 | D:3      | Found a blossoming altar of Fedhas.
  2090 | D:3      | Found a stormy altar of Qazlal.
  2094 | D:3      | XOM: potion effect (brilliance)
  2348 | D:4      | XOM: cast spell 'Call Canine Familiar'
  2560 | D:4      | XOM: potion effect (brilliance)
  2561 | D:4      | XOM: harmless Hex miscast
  2629 | D:4      | XOM: butterfly on damage
  2635 | D:4      | Mangled by an ogre

Vault maps used:
D:1:      lemuel_arrival_funnel, minmay_close_crescents
D:2:      minmay_nonomino_d4
D:3:      grunt_temple_overflow_forces_of_nature, uniq_natasha
D:4:      kennysheep_boxes, uniq_edmund, uniq_blork_the_orc

Skill      XL: |  1  2  3  4 |
---------------+-------------+-----
Long Blades    | 4 5 11 | 11.9
Armour         | 7 |  7.2
Evocations     | 4 |  4.9
Fighting       | |  3.6
Dodging        | |  1.1

Action                   |  1- 3 |  4- 6 || total
-------------------------+-------+-------++-------
Melee: Falchion          |    89 |    91 ||   180
       Headbutt          |    16 |    15 ||    31
Throw: Stone             |    10 |       ||    10
       Tomahawk          |       |     5 ||     5
  Use: Scroll            |       |     2 ||     2
       Potion            |       |     1 ||     1
 Stab: Petrifying        |       |     1 ||     1
  Eat: Chunk             |     2 |     3 ||     5
Armor: Leather armour    |    40 |       ||    40
       Chain mail        |     2 |    42 ||    44
Dodge: Dodged            |    54 |    19 ||    73
       Rpst.: Falchion   |    14 |     5 ||    19
